 Dungeon Crawl Stone Soup version 0.32-a0-33-g74fbe469d6 (webtiles) character file.

Game seed: 4964466114001752803

27077 wildpjah the Carver (level 13, -10/99 HPs)
             Began as a Demonspawn Gladiator on Jan 18, 2024.
             Was a High Priest of Okawaru.
             Killed from afar by a deep elf zephyrmancer (32 damage)
             ... with a bolt of lightning
             ... in the Arena on Jan 21, 2024.
             The game lasted 00:45:28 (15450 turns).

wildpjah the Carver (Demonspawn Gladiator)         Turns: 15450, Time: 00:45:30

Health: -10/99     AC: 22    Str: 18    XL:     13   Next: 2%
Magic:  11/19      EV: 14    Int: 10    God:    Okawaru [*****.]
Gold:   954        SH: 18    Dex: 15    Spells: 12/12 levels left

rFire   . . .        P - +5 scimitar (flame)
rCold   . . .        g - +1 kite shield
rNeg    . . .        b - +0 chain mail
rPois   .            p - +0 hat
rElec   .            w - +1 cloak {Stlth+}
rCorr   .            u - +0 pair of gloves
SInv    .            h - +0 pair of boots
Will    .....        D - amulet of reflection
Stlth   +++          H - +4 ring of protection
HPRegen 0.36/turn    (no ring)
MPRegen 0.16/turn

%: reflection
@: heroic, duelling
A: horns 2, (demonic guardian 2), foul stench 1, sturdy frame 2
a: Renounce Religion, Heroism, Finesse, Duel


You were in the Arena.
You worshipped Okawaru.
Okawaru was extremely pleased with you.
You visited 4 branches of the dungeon, and saw 15 of its levels.

You collected 954 gold pieces.

Inventory:

Hand Weapons
 a - a +0 long sword
 k - a +0 dagger of chaos
 z - a +0 falchion
 P - a +5 scimitar of flaming (weapon)
 X - the +7 dagger "Duerghux" {drain, rPois Str+3 Dex-5 SInv}
   (You found it on level 1 of the Orcish Mines)

   Str+3:     It affects your strength (+3).
   Dex-5:     It affects your dexterity (-5).
   rPois:     It protects you from poison SInv: It lets you see invisible.
Missiles
 d - a throwing net (quivered)
 e - 12 javelins
 q - 45 poisoned darts
 Q - 2 silver javelins
 S - 5 boomerangs
Armour
 b - a +0 chain mail (worn)
 g - a +1 kite shield (worn)
 h - a +0 pair of boots (worn)
 p - a +0 hat (worn)
 u - a +0 pair of gloves (worn)
 w - a +1 cloak of stealth (worn)
 B - a scarf of invisibility
 R - +0 ice dragon scales
 U - the +1 ring mail of Oblivion {rElec}
   (You found it on level 2 of the Lair of Beasts)

   rElec:     It insulates you from electricity.
 W - a +0 troll leather armour
Jewellery
 n - an amulet of magic regeneration
 v - a ring of fire
 D - an amulet of reflection (around neck)
 H - a +4 ring of protection (left hand)
 O - an amulet of regeneration
 T - a ring of wizardry
Wands
 t - a wand of quicksilver (5)
 y - a wand of mindburst (7)
 A - a wand of flame (67)
 E - a wand of iceblast (17)
 G - a wand of polymorph (11)
 K - a wand of digging (6)
Scrolls
 i - 6 scrolls of teleportation
 o - 3 scrolls of poison
 r - 2 scrolls of identify
 s - a scroll of immolation
 C - 2 scrolls of enchant weapon {unknown}
 L - 5 scrolls of fog {unknown}
 M - a scroll of amnesia {unknown}
Potions
 c - a potion of berserk rage
 f - 3 potions of degeneration
 j - 3 potions of curing
 l - 2 potions of lignification
 m - a potion of enlightenment
 x - a potion of might
 F - 3 potions of brilliance {unknown}
 I - a potion of resistance {unknown}
 J - 2 potions of attraction {unknown}
 N - a potion of mutation {unknown}
 V - a potion of invisibility {unknown}


   Skills:
 * Level 8.5(13.5) Fighting
 * Level 12.3(17.3) Long Blades
 * Level 3.6(8.6) Throwing
 + Level 7.7(12.7) Armour
 + Level 6.3(11.3) Dodging
 + Level 0.6(5.6) Stealth
 + Level 7.8(12.8) Shields
 + Level 8.2 Invocations
 * Level 5.0 Evocations


You had 12 spell levels left.
You didn't know any spells.
Your spell library contained the following spells:

 Spells                   Type           Power      Damage    Failure   Level
 Kiss of Death            Conj/Necr      0%         2d5       86%         1
 Necrotise                Necr           0%         1d4       86%         1
 Mercury Vapours          Alch/Air       0%         N/A       94%         2
 Confusing Touch          Hex            0%         N/A       99%         3
 Mephitic Cloud           Conj/Alch/Air  0%         N/A       99%         3
 Vampiric Draining        Necr           0%         2d6       99%         3
 Dispel Undead            Necr           0%         3d6       100%        4
 Curse of Agony           Necr           0%         N/A       100%        5
 Freezing Cloud           Conj/Ice/Air   0%         6-21      100%        5
 Martyr's Knell           Necr/Summ      Unusable   N/A       N/A         4

Dungeon Overview and Level Annotations

Branches:
Dungeon (9/15)             Temple (1/1) D:7            Lair (3/5) D:9
 Spider (0/4) Lair:3          Orc (2/2) D:9             Elf (0/3) Orc:2
  Swamp: Lair:2-3    Shoals: Lair:2-3

Altars:
Ashenzari
Cheibriados
Dithmenos
Fedhas
Gozag
Hepliaklqana
Kikubaaqudgha
Makhleb
Okawaru
Qazlal
Ru
Sif Muna
Trog
Uskayaw
Vehumet
Wu Jian
Yredelemnul

Shops:
D:1 :

Annotations:
Lair:1 3 runed translucent doors, Curundu's ghost, novice MiBe


Innate Abilities, Weirdness & Mutations

You have a pair of horns on your head.
((A demonic guardian rushes to your aid.))
You may rarely emit foul miasma when damaged in melee.
Your movements are less encumbered by armour. (ER -4)


Message History

The deep elf zephyrmancer casts a spell.
The deep elf zephyrmancer blinks!
You block the deep elf zephyrmancer's attack.
You slash the deep elf zephyrmancer! You burn the deep elf zephyrmancer.
You kill the deep elf zephyrmancer!
Okawaru accepts your kill.
The deep elf zephyrmancer casts a spell.
The deep elf zephyrmancer blinks!
The deep elf pyromancer mumbles some strange words.
Your Evocations skill increases to level 5!
You closely miss the fire elemental. You headbutt the fire elemental.
The fire elemental is lightly damaged.
You block the fire elemental's attack.
You slash the fire elemental!
The fire elemental is heavily damaged.
The deep elf zephyrmancer points at you and mumbles some strange words.
The bolt of lightning misses you. The bolt of lightning hits you!!
* * * LOW HITPOINT WARNING * * *
The deep elf zephyrmancer casts a spell.
The deep elf zephyrmancer blinks!
You hear a shout! x3
Aiming: Duel (30% risk of failure)
Press: ? - help, Dir - move target, f - deep elf zephyrmancer
Aim: a deep elf zephyrmancer, wielding a +0 long sword and wearing a +0 leather armour You enter into single combat with the deep elf zephyrmancer!
The world spins around you as you enter the gateway.
You enter Okawaru's Arena!
Found a gate leading back out of this place.
The spectator shouts! x7
You block the deep elf zephyrmancer's attack.
The spectator shouts!
There is an empty arch of ancient stone here.
The spectator shouts! x3
You hit the deep elf zephyrmancer. You burn the deep elf zephyrmancer.
You headbutt the deep elf zephyrmancer!
The deep elf zephyrmancer is heavily wounded.
The deep elf zephyrmancer casts a spell at you.
The bolt of lightning hits you!!
You die...
Okawaru crowns the deep elf zephyrmancer victorious!

#########
##.p▓▓▓p.##
##..▓▓.▓▓..##
##.p▓▓...▓▓p.##
#..▓▓.....▓▓..#
#p▓▓.......▓▓p#
#▓▓.........▓.#
#∩▓....@....▓##
#▓▓.....e...▓.#
#p▓▓.......▓▓p#
#..▓▓.....▓▓..#
##.p▓▓...▓▓p.##
##..▓▓.▓▓..##
##.p▓▓▓p.##
#########


You could see a deep elf zephyrmancer.

Vanquished Creatures
  A two-headed ogre (D:9)
  A catoblepas (Lair:2)
  A boulder beetle (Lair:2)
  An orc high priest (Orc:1)
  A skyshark (Lair:3)
  3 skeletal warriors (D:7)
  A deep elf pyromancer (Orc:1)
  A deep elf zephyrmancer (Orc:1)
  Maurice (D:9)
  A wolf spider (Lair:3)
  Joseph (D:8)
  4 elephants
  3 black mambas
  A torpor snail (Lair:2)
  11 cane toads
  4 komodo dragons
  A rime drake (Lair:2)
  Psyche (D:8)
  A troll (Orc:1)
  4 polar bears
  Grinder (D:5)
  Sigmund (D:4)
  3 spriggans
  2 wyverns
  26 yaks
  A basilisk (D:9)
  A warg (Orc:1)
  Menkaure (D:4)
  3 water moccasins
  An ice beast (D:7)
  5 black bears
  4 orc warriors
  A sky beast (D:6)
  6 ogres
  10 wolves
  6 centaurs
  2 phantoms
  4 kobold brigands
  13 bullfrogs
  2 necrophages (D:4)
  7 scorpions
  3 wights (D:8)
  14 killer bees
  A howler monkey (D:7)
  Crazy Yiuf (D:5)
  A centaur zombie (D:4)
  3 hounds
  A bombardier beetle (D:3)
  10 orc priests
  A jelly (D:6)
  Ijyb (D:4)
  A human zombie (D:4)
  Jessica (D:2)
  3 sleepcaps
  3 orc wizards
  4 iguanas
  Natasha (thrice) (D:3)
  3 hound zombies (D:4)
  3 mummies (D:4)
  9 gnolls
  10 adders
  A shadow imp (D:5)
  3 white imps
  An adder zombie (D:4)
  3 dart slugs
  4 ribbon worms
  40 orcs
  6 ball pythons
  7 endoplasms
  6 giant cockroaches
  4 goblins
  7 hobgoblins
  10 jackals
  3 quokkas
  10 bats
  3 frilled lizards
  43 kobolds
  A quokka zombie (D:4)
  9 rats
380 creatures vanquished.

Notes
Turn   | Place    | Note
-------+----------+-------------------------------------------
     0 | D:1      | wildpjah the Demonspawn Gladiator began the quest for the
                  | Orb.
     0 | D:1      | Reached XP level 1. HP: 16/16 MP: 1/1
    64 | D:1      | Reached skill level 3 in Long Blades
   102 | D:1      | Gained mutation: You may rarely emit foul miasma when
                  | damaged in melee. [demonic ancestry]
   102 | D:1      | Reached XP level 2. HP: 18/22 MP: 2/2
   524 | D:1      | Found Cintykos's Book Shop.
   762 | D:1      | Gained mutation: You have a pair of small horns on your
                  | head. [demonic ancestry]
   762 | D:1      | Reached XP level 3. HP: 24/27 MP: 3/3
   971 | D:2      | Found a shimmering blue altar of Sif Muna.
  1227 | D:2      | Reached skill level 1 in Armour
  1346 | D:2      | Reached XP level 4. HP: 11/34 MP: 4/4
  1468 | D:2      | Noticed Jessica
  1479 | D:2      | Killed Jessica
  1480 | D:2      | Reached skill level 1 in Shields
  1789 | D:2      | Reached skill level 4 in Long Blades
  1791 | D:2      | Gained mutation: A weak demonic guardian rushes to your
                  | aid. [demonic ancestry]
  1791 | D:2      | Reached XP level 5. HP: 37/39 MP: 5/5
  2064 | D:3      | Noticed Natasha
  2072 | D:3      | Killed Natasha
  2127 | D:3      | Found a shadowy altar of Dithmenos.
  2855 | D:3      | Found an iron altar of Okawaru.
  2860 | D:3      | Became a worshipper of Warmaster Okawaru
  3027 | D:3      | Gained mutation: Your movements are slightly less
                  | encumbered by armour. (ER -2) [demonic ancestry]
  3027 | D:3      | Reached XP level 6. HP: 44/46 MP: 6/6
  3236 | D:3      | Noticed Natasha
  3266 | D:3      | Killed Natasha
  3337 | D:3      | Noticed Natasha
  3348 | D:3      | Killed Natasha
  3549 | D:3      | Reached XP level 7. HP: 50/52 MP: 7/7
  3615 | D:3      | Reached skill level 5 in Long Blades
  4227 | D:4      | Noticed Sigmund
  4242 | D:4      | Killed Sigmund
  4294 | D:4      | Reached * piety under Okawaru
  4737 | D:4      | Reached skill level 6 in Long Blades
  4737 | D:4      | Reached XP level 8. HP: 53/58 MP: 8/8
  4739 | D:4      | Noticed Menkaure
  4763 | D:4      | Noticed an air elemental
  4765 | D:4      | Found a stormy altar of Qazlal.
  4828 | D:4      | Killed Menkaure
  4850 | D:4      | You fall into a shaft and drop 2 floors!
  4918 | D:5      | Entered Level 5 of the Dungeon
  4918 | D:5      | Noticed Grinder
  4927 | D:5      | Killed Grinder
  5093 | D:5      | Reached skill level 1 in Invocations
  5098 | D:5      | Reached ** piety under Okawaru
  5099 | D:5      | Reached skill level 1 in Evocations
  5161 | D:5      | Found a runed translucent door.
  5162 | D:5      | Noticed Crazy Yiuf
  5176 | D:5      | Killed Crazy Yiuf
  5356 | D:4      | Upgraded the game from 0.32-a0-22-g6ae6769602 to
                  | 0.32-a0-33-g74fbe469d6
  5371 | D:4      | Found a basalt altar of Yredelemnul.
  5453 | D:4      | Reached skill level 7 in Long Blades
  5453 | D:4      | Gained mutation: Your movements are less encumbered by
                  | armour. (ER -4) [demonic ancestry]
  5453 | D:4      | Reached XP level 9. HP: 64/65 MP: 10/10
  5463 | D:4      | Reached skill level 5 in Armour
  5877 | D:4      | Noticed Ijyb
  5888 | D:4      | Killed Ijyb
  6220 | D:5      | Identified the +9 mace "Caxuva Maosa" {drain, *Rage Fly
                  | Str+4 Int+3}
  6725 | D:5      | Reached skill level 5 in Dodging
  6858 | D:6      | Reached *** piety under Okawaru
  7306 | D:6      | Found a bloodstained altar of Trog.
  7332 | D:6      | Reached skill level 5 in Invocations
  7905 | D:7      | Found a staircase to the Ecumenical Temple.
  7965 | D:7      | Reached skill level 8 in Long Blades
  8301 | D:7      | Reached XP level 10. HP: 47/73 MP: 14/14
  8967 | D:8      | Noticed Joseph
  9009 | D:8      | Noticed a skeletal warrior
  9043 | Temple   | Entered the Ecumenical Temple
  9194 | D:8      | Reached skill level 5 in Shields
  9425 | D:8      | Noticed Psyche
  9438 | D:8      | Killed Psyche
  9439 | D:8      | Reached skill level 5 in Fighting
  9609 | D:8      | Killed Joseph
  9609 | D:8      | Reached **** piety under Okawaru
  9826 | D:8      | Noticed a skeletal warrior
  9827 | D:8      | Noticed a skeletal warrior
  9827 | D:8      | Noticed a skeletal warrior
  9900 | D:7      | Killed a skeletal warrior
 10081 | D:7      | Killed a skeletal warrior
 10335 | D:8      | Noticed a skeletal warrior
 10348 | D:7      | Killed a skeletal warrior
 10349 | D:7      | Reached skill level 9 in Long Blades
 10514 | D:9      | Found a staircase to the Orcish Mines.
 10583 | D:9      | Gained mutation: A demonic guardian rushes to your aid.
                  | [demonic ancestry]
 10583 | D:9      | Reached XP level 11. HP: 70/80 MP: 16/16
 10589 | D:9      | Reached ***** piety under Okawaru
 10676 | D:9      | Found a staircase to the Lair.
 10914 | D:9      | Found a sacrificial altar of Ru.
 11220 | D:9      | Noticed Maurice
 11234 | D:9      | Something stole a ring of fire
 11235 | D:9      | Something stole 2 throwing nets
 11240 | D:9      | Killed Maurice
 11364 | D:9      | Found a burning altar of Makhleb.
 11376 | D:9      | Reached skill level 10 in Long Blades
 11527 | D:9      | Noticed a two-headed ogre
 11538 | D:9      | Killed a two-headed ogre
 11538 | D:9      | Received a gift from Okawaru
 11634 | Lair:1   | Entered Level 1 of the Lair of Beasts
 12330 | Lair:1   | Received a gift from Okawaru
 12436 | Lair:1   | Gained mutation: You have a pair of horns on your head.
                  | [demonic ancestry]
 12436 | Lair:1   | Reached XP level 12. HP: 80/91 MP: 18/18
 12438 | Lair:1   | Reached skill level 11 in Long Blades
 12573 | Lair:1   | Found a runed translucent gate.
 12573 | Lair:1   | Found a runed translucent gate.
 12667 | Lair:1   | Found a runed translucent gate.
 12669 | Lair:1   | Noticed Curundu's ghost (novice MiBe)
 13359 | Lair:2   | Noticed a catoblepas
 13367 | Lair:2   | Killed a catoblepas
 13669 | Lair:2   | Received a gift from Okawaru
 13826 | Lair:2   | Noticed a boulder beetle
 13837 | Lair:2   | Killed a boulder beetle
 13902 | Lair:2   | Identified the +1 ring mail of Oblivion {rElec}
 14570 | Lair:3   | Reached skill level 12 in Long Blades
 14789 | Lair:3   | Received a gift from Okawaru
 14959 | Lair:3   | Found a hole to the Spider Nest.
 15082 | Orc:1    | Entered Level 1 of the Orcish Mines
 15125 | Orc:2    | Entered Level 2 of the Orcish Mines
 15145 | Orc:2    | Found a staircase to the Elven Halls.
 15317 | Orc:1    | Noticed an orc high priest
 15346 | Orc:1    | Killed an orc high priest
 15395 | Orc:1    | Identified the +7 dagger "Duerghux" {drain, rPois Str+3
                  | Dex-5 SInv}
 15439 | Orc:1    | Reached XP level 13. HP: 39/99 MP: 19/19
 15447 | Orc:1    | Reached skill level 5 in Evocations
 15449 | Arena    | Entered the Arena
 15450 | Arena    | Killed from afar by a deep elf zephyrmancer

Illustrated notes

Levels and vault maps discovered:
D:1:      co_arrival_square_in_a_square_in_a_square, layout_loops_corners,
          serial_shops, shop, minmay_distorted
D:2:      minmay_skewed_foursquare, layout_loops_cross, basic_altar,
          minmay_quadrilaterals, uniq_jessica
D:3:      minmay_goblin_kobold_castle, layout_rooms,
          nicolae_dithmenos_through_a_glass_darkly, lemuel_doored_altar,
          minmay_crystal_room, uniq_natasha
D:4:      layout_layer_cave, marbit_many_paths,
          lemuel_mausoleum_altar_yredelemnul, nicolae_qazlal_style_of_elements,
          st_stairs_12, minmay_misc_feat_secret_circle, uniq_menkaure,
          uniq_ijyb, uniq_sigmund
D:5:      layout_rooms, minmay_misc_feat_tiny, uniq_grinder,
          uniq_crazy_yiuf_cottage
D:6:      layout_cave_pools, mainiacjoe_overflow_chevrons,
          chequers_decorated_corner, minmay_misc_feat_columns,
          corexii_mini_fake_secret_closet
D:7:      layout_cave_pods, minmay_temple_entry_drinking_statues, minivault_23,
          kennysheep_another_room
D:8:      layout_rooms, uniq_psyche, uniq_joseph
D:9:      layout_roguey, mainiacjoe_overflow_tiny_flanked,
          mainiacjoe_overflow_small_starburst, david_lair_generic,
          kennysheep_generic_room_3, uniq_maurice
Temple:   hellmonk_temple_two_chambers
Lair:1:   layout_regular_city, gammafunk_ghost_split,
          grunt_forest_large_clearings, grunt_megastairs_4
Lair:2:   nzn_winding_woodlands_medium [nzn_winding_woodlands_5x5_three,
          nzn_winding_woodlands_5x15_lazy_stream,
          nzn_winding_woodlands_5x5_default,
          nzn_winding_woodlands_5x5_perimeter,
          nzn_winding_woodlands_center_triple_pond,
          nzn_winding_woodlands_5x5_default,
          nzn_winding_woodlands_5x5_closed_star,
          nzn_winding_woodlands_5x15_longhouse,
          nzn_winding_woodlands_5x5_checkerboard], layout_cave_pods,
          forest_entry_grove
Lair:3:   layout_layer_cave, alex1729_swamp_entry_worm_eleionoma,
          spider_nest_entry_rubble, special_room [special_room_bee],
          dreamdust_mushroom_princess, grunt_forest_large_clearing_hut,
          uniq_fannar, uniq_nessos
Orc:1:    layout_diamond_mine, serial_shops, nicolae_shop_statue_plus,
          nicolae_orc_sculptors_studio, mumra_transporter_accident,
          elves_outpost_lemuel
Orc:2:    st_orc_ogre_mass, layout_caves, uniq_saint_roka
Arena

Skill      XL: |  1  2  3  4  5  6  7  8  9 10 11 12 13 |
---------------+----------------------------------------+-----
Long Blades    | 3 4 6 7 8 9 10 12 | 12.3
Dodging        | 3 4 5 6 |  6.3
Armour         | 1 2 3 4 5 6 7 |  7.7
Shields        | 1 2 3 4 6 7 |  7.8
Fighting       | 3 4 5 7 8 |  8.5
Throwing       | 2 3 |  3.6
Invocations    | 1 5 7 8 |  8.2
Evocations     | 1 2 4 5 |  5.0
Stealth        | |  0.6

Action                     |  1- 3 |  4- 6 |  7- 9 | 10-12 | 13-15 || total
---------------------------+-------+-------+-------+-------+-------++-------
  Melee: Long sword        |   134 |   238 |    96 |       |       ||   468
         Headbutt          |     7 |    44 |   124 |   162 |     2 ||   339
         Falchion          |       |       |   464 |   128 |       ||   592
         Scimitar          |       |       |       |   635 |     8 ||   643
  Throw: Javelin           |       |     1 |     4 |     7 |       ||    12
         Dart              |       |       |     6 |       |       ||     6
         Throwing net      |       |       |     2 |     6 |       ||     8
 Invoke: Heroism           |       |       |     4 |     6 |     1 ||    11
         Finesse           |       |       |       |     1 |       ||     1
         Duel              |       |       |       |       |     1 ||     1
  Evoke: Wand              |       |       |     9 |     1 |       ||    10
    Use: Scroll            |       |       |       |    10 |       ||    10
         Potion            |       |       |       |     8 |       ||     8
   Stab: Sleeping          |     1 |       |     1 |       |       ||     2
         Held in net/web   |       |       |     1 |     2 |       ||     3
 Armour: Leather armour    |    78 |     4 |       |       |       ||    82
         Ring mail         |       |   144 |   182 |       |       ||   326
         Chain mail        |       |       |    75 |   395 |     2 ||   472
  Dodge: Dodged            |    77 |   128 |   202 |   215 |     2 ||   624
  Block: Kite shield       |    39 |   123 |   334 |   671 |     6 ||  1173
         Reflection        |       |       |    22 |    15 |       ||    37

Table legend: (Time is in decaauts)
 A = Elapsed time spent in this place.
 B = Non-inter-level travel time spent in this place.
 C = Inter-level travel time spent in this place.
 D = Time resting spent in this place.
 E = Time spent auto-exploring this place.
 F = Levels seen in this place.
 G = Mean time per level.
                   A        B        C        D        E       F      G
               +--------+--------+--------+--------+--------+-----+--------+
         Total |  15678 |  14972 |    706 |   1393 |   9781 |  16 |  979.9 |
       Dungeon |  11786 |  11196 |    590 |   1286 |   6812 |   9 | 1309.6 |
        Temple |    133 |    128 |      5 |    107 |      0 |   1 |  133.0 |
          Lair |   3398 |   3292 |    106 |      0 |   2741 |   3 | 1132.7 |
  Orcish Mines |    360 |    356 |      4 |      0 |    227 |   2 |  180.0 |
         Arena |      0 |      0 |      0 |      0 |      0 |   1 |    0.0 |
               +--------+--------+--------+--------+--------+-----+--------+

Top non-repeatable levels by time:
     D:3: 1899 daAuts
     D:4: 1756 daAuts
     D:7: 1693 daAuts
  Lair:1: 1482 daAuts
  Lair:2: 1464 daAuts
     D:2: 1224 daAuts
     D:5: 1220 daAuts
     D:9: 1189 daAuts
     D:1: 1001 daAuts
     D:6: 999 daAuts
     D:8: 802 daAuts
  Lair:3: 451 daAuts
   Orc:1: 333 daAuts
  Temple: 133 daAuts
   Orc:2: 26 daAuts
